 Dungeon Crawl Stone Soup version 0.30-b1-2-g02819fbbbe (webtiles) character file.

Game seed: 689740516129445030

1414 Sassenached the Trooper (level 8, -2/70 HPs)
             Began as a Demigod Wanderer on May 17, 2023.
             Slain by a wight
             ... wielding a +1 scimitar
              (4 damage)
             ... on level 7 of the Dungeon.
             The game lasted 00:10:21 (5623 turns).

Sassenached the Trooper (Demigod Wanderer)          Turns: 5623, Time: 00:10:21

Health: -2/70      AC:  8    Str: 16    XL:     8   Next: 19%
Magic:  3/15       EV: 11    Int: 28    God:
Gold:   276        SH:  0    Dex: 10    Spells: 7/13 levels left

rFire   . . .        A - +2 flail (venom)
rCold   . . .        (no shield)
rNeg    . . .        c - +0 robe
rPois   .            (no helmet)
rElec   .            E - +0 cloak
rCorr   .            d - +0 pair of gloves
SInv    .            (no boots)
Will    .....        s - amulet of regeneration
Stlth   ++           i - +4 ring of protection
HPRegen 1.11/turn    D - +6 ring of intelligence
MPRegen 0.14/turn

%: no passive effects
@: no status effects
A: high MP 1, forlorn, divine attributes
a: no special abilities


You were on level 7 of the Dungeon.
You visited 1 branch of the dungeon, and saw 7 of its levels.

You collected 276 gold pieces.

Inventory:

Hand Weapons
 a - a +1 mace of draining
 u - a +2 rapier of flaming
 A - a +2 flail of venom (weapon)
Missiles
 l - 8 boomerangs (quivered)
 B - a throwing net
Armour
 c - a +0 robe (worn)
 d - a +0 pair of gloves (worn)
 E - a +0 cloak (worn)
Jewellery
 i - a +4 ring of protection (left hand)
 m - a ring of poison resistance
 r - a +4 ring of protection
 s - an amulet of regeneration (around neck)
 t - a ring of fire
 y - a ring of ice
 D - a +6 ring of intelligence (right hand)
Wands
 z - a wand of roots (12)
Scrolls
 f - a scroll of fear
 g - 2 scrolls of enchant armour
 h - 2 scrolls of poison
 k - 2 scrolls of teleportation
 o - a scroll of amnesia
 p - 3 scrolls of blinking
 x - a scroll of fog
Potions
 b - 3 potions of attraction
 e - 2 potions of curing
 j - 2 potions of ambrosia {unknown}
 n - 2 potions of degeneration {unknown}
 q - a potion of mutation {unknown}
 w - a potion of lignification {unknown}
 C - a potion of flight {unknown}


   Skills:
 + Level 6.1 Fighting
 * Level 2.1 Maces & Flails
 - Level 1.7 Stealth
 - Level 3.0 Spellcasting
 - Level 3.7 Conjurations
 - Level 5.7 Earth Magic
 - Level 1.0 Evocations


You had 7 spell levels left.
You knew the following spells:

 Your Spells              Type           Power      Damage    Failure   Level
a - Sandblast             Erth           72%        2d16      1%          1
b - Stone Arrow           Conj/Erth      60%        3d10      3%          3
c - Passwall              Tmut/Erth      16%        N/A       3%          2

Your spell library contained the following spells:

 Spells                   Type           Power      Damage    Failure   Level
 Magic Dart               Conj           96%        1d7       1%          1
 Static Discharge         Conj/Air       28%        2-4/arc   6%          2
 Poisonous Vapours        Pois/Air       8%         N/A       12%         2
 Mephitic Cloud           Conj/Pois/Air  11%        N/A       16%         3
 Ozocubu's Armour         Ice            4%         N/A       24%         3
 Freezing Cloud           Conj/Ice/Air   5%         6-21      80%         5
 Metabolic Englaciation   Hex/Ice        2%         N/A       92%         5
 Simulacrum               Ice/Necr       2%         N/A       100%        6


Dungeon Overview and Level Annotations

Branches:
Dungeon (7/15)             Temple (0/1) D:4


Innate Abilities, Weirdness & Mutations

You have an increased reservoir of magic. (+10% MP)
You shall have no god before yourself.
Your divine heritage dramatically boosts your attributes as you level up.


Message History

Aim: a steam dragon (fleeing, 74% to hit)
The stone arrow hits the steam dragon!
The steam dragon is heavily wounded.
Your attack snaps the steam dragon out of its fear.
Casting: Stone Arrow (dangerous; 3% risk of failure)
Confirm with . or Enter, or press ? or * to list all spells.
Aiming: Sandblast (safe; 1% risk of failure)
Press: ? - help, Shift-Dir - straight line, f/p - steam dragon
Aim: a steam dragon (heavily wounded, 84% to hit)
The blast of sand hits the steam dragon!
The steam dragon is severely wounded.
The steam dragon breathes steam at you. The ball of steam hits you!
You hear a shout!
Casting: Sandblast (safe; 1% risk of failure)
Confirm with . or Enter, or press ? or * to list all spells.
Aiming: Sandblast (safe; 1% risk of failure)
Press: ? - help, Shift-Dir - straight line, f/p - steam dragon
Aim: a steam dragon (severely wounded, catching its breath, 84% to hit)
The blast of sand misses the steam dragon.
You are engulfed in a cloud of scalding steam.
* * * LOW HITPOINT WARNING * * *
The steam dragon bites you but does no damage.
The steam dragon claws you.
* * * LOW HITPOINT WARNING * * *
The wight closely misses you.
Casting: Sandblast (safe; 1% risk of failure)
Confirm with . or Enter, or press ? or * to list all spells.
Aiming: Sandblast (safe; 1% risk of failure)
Press: ? - help, Shift-Dir - straight line, f/p - steam dragon
Aim: a steam dragon (severely wounded, catching its breath, 84% to hit)
The blast of sand hits the steam dragon.
The steam dragon is almost dead.
You are engulfed in a cloud of scalding steam.
* * * LOW HITPOINT WARNING * * *
The steam dragon bites you but does no damage.
The steam dragon claws you.
* * * LOW HITPOINT WARNING * * *
The wight hits you with a +1 scimitar.
You die...

##############
.......>...§§#
..........<#.#
#######.####@#
#.# #zD#
#...z...
..~≈≈~~~~
...≈#####~.
...~# ~.# ...
~.# .. .#


You could see a steam dragon (catching breath) and 2 wights.

Vanquished Creatures
  An orc warrior (D:6)
  A sky beast (D:6)
  A black bear (D:6)
  A centaur (D:7)
  A scorpion (D:5)
  5 wights
  A howler monkey (D:5)
  A quasit (D:4)
  A gnoll bouda (D:6)
  3 hounds
  3 iron imps (D:3)
  4 iguanas
  A sleepcap (D:4)
  2 orc wizards
  8 gnolls
  7 adders
  4 shadow imps
  2 white imps (D:6)
  4 ufetubi (D:4)
  2 worms (D:2)
  A dart slug (D:2)
  6 orcs
  3 endoplasms
  4 giant cockroaches
  4 goblins
  3 hobgoblins
  6 jackals
  7 kobolds
  6 quokkas
  2 ball pythons
  4 bats
  2 frilled lizards
  5 rats
106 creatures vanquished.

Notes
Turn   | Place    | Note
-------+----------+-------------------------------------------
     0 | D:1      | Sassenached the Demigod Wanderer began the quest for the
                  | Orb.
     0 | D:1      | Sassenached set off with the following items: a +0 club, a
                  | potion of attraction, a +0 robe, a +0 pair of gloves; and
                  | the following spells available to memorise: Magic Dart,
                  | Sandblast, Static Discharge, Stone Arrow, Mephitic Cloud.
     0 | D:1      | Reached XP level 1. HP: 16/16 MP: 4/4
     2 | D:1      | Learned a level 1 spell: Sandblast
   116 | D:1      | Noticed a floating eye
   138 | D:1      | Noticed a shining eye
   144 | D:1      | Noticed a floating eye
   144 | D:1      | Noticed a shining eye
   408 | D:1      | Reached XP level 2. HP: 19/23 MP: 3/5
  1078 | D:2      | Reached XP level 3. HP: 20/28 MP: 1/6
  1679 | D:2      | Learned a level 3 spell: Stone Arrow
  1833 | D:3      | Reached XP level 4. HP: 18/35 MP: 4/8
  2299 | D:3      | Reached XP level 5. HP: 38/40 MP: 9/9
  2745 | D:3      | Reached skill level 5 in Earth Magic
  3156 | D:4      | Found a staircase to the Ecumenical Temple.
  3249 | D:4      | Reached XP level 6. HP: 46/47 MP: 2/10
  4004 | D:5      | Entered Level 5 of the Dungeon
  4408 | D:5      | Learned a level 2 spell: Passwall
  4523 | D:5      | Noticed a shadow
  4744 | D:6      | Reached skill level 2 in Fighting
  4744 | D:6      | Reached XP level 7. HP: 51/55 MP: 14/14
  4906 | D:6      | Reached skill level 3 in Fighting
  4946 | D:6      | Reached skill level 4 in Fighting
  5231 | D:6      | Reached skill level 5 in Fighting
  5374 | D:6      | Reached XP level 8. HP: 70/70 MP: 9/15
  5518 | D:6      | Reached skill level 1 in Maces & Flails
  5613 | D:7      | Reached skill level 6 in Fighting
  5623 | D:7      | HP: 2/70 [steam dragon (5)]
  5623 | D:7      | Slain by a wight

Illustrated notes

Levels and vault maps discovered:
D:1:      minmay_arrival_diagonal_passages, layout_basic,
          hellmonk_ecumenical_altar_watching_god
D:2:      layout_basic
D:3:      layout_basic, demons_altar
D:4:      layout_gridville, mainiacjoe_overflow_small_starburst,
          minmay_temple_entry_from_below_a, serial_demonic, serial_demonic_f,
          serial_demonic_a, serial_demonic_f, serial_demonic_f,
          minmay_misc_feat_rugged, kennysheep_cluttered_room
D:5:      layout_loops_cross, riverfiend_overflow_shadow_ancestor,
          nicolae_overflow_hallway_of_the_gods
D:6:      black_bear_nest_1, layout_rooms, lemuel_doored_altar
D:7:      layout_basic, enter_ossuary_2, serial_shops,
          nicolae_shop_tiny_statue_garden, enter_bailey_3,
          uniq_crazy_yiuf_cottage, uniq_menkaure

Skill      XL: |  1  2  3  4  5  6  7  8 |
---------------+-------------------------+-----
Earth Magic    | 2 3 4 5 |  5.7
Conjurations   | 3 |  3.7
Spellcasting   | 3 |  3.0
Fighting       | 2 5 6 |  6.1
Maces & Flails | 2 |  2.1
Stealth        | |  1.7
Evocations     | |  1.0

Action                     |  1- 3 |  4- 6 |  7- 9 || total
---------------------------+-------+-------+-------++-------
  Melee: Club              |    37 |       |       ||    37
         Short sword       |    14 |       |       ||    14
         Mace              |     5 |    68 |       ||    73
         Punch             |     1 |       |       ||     1
         Flail             |       |    12 |    35 ||    47
  Throw: Boomerang         |     9 |       |       ||     9
   Cast: Sandblast         |    48 |    62 |    29 ||   139
         Stone Arrow       |       |     3 |    12 ||    15
    Use: Potion            |     1 |     1 |     1 ||     3
         Scroll            |     6 |     3 |     5 ||    14
   Stab: Sleeping          |     1 |     1 |       ||     2
 Armour: Robe              |    52 |    80 |    29 ||   161
  Dodge: Dodged            |    82 |   106 |    39 ||   227
